 Dungeon Sprint DCSS version 0.30-a0-862-g1aabd4f9c5 (webtiles) character file.

Game seed: 10000251512328330399

73322 retardedninja the Slayer (level 15, -11/171 HPs)
             Began as a Minotaur Fighter on Mar 9, 2023.
             Was the Champion of Trog.
             Mangled by Mennas
             ... wielding a +2 trishula of holy wrath
              (16 damage)
             ... in the Dungeon (Sprint IX: "|||||||||||||||||||||||||||||").
             The game lasted 00:17:34 (6340 turns).

retardedninja the Slayer (Minotaur Fighter)         Turns: 6340, Time: 00:17:34

Health: -11/171    AC: 42    Str: 28    XL:     15   Next: 3%
Magic:  14/14      EV: 14    Int:  5    God:    Trog [******]
Gold:   1170       SH: 11    Dex: 16    Spells: 14/14 levels left

rFire   . . .      SeeInvis .    k - +2 war axe of Charity {flame, *Rage rPois rC- rN+++ Dex+6}
rCold   . . .      Faith    .    c - +0 buckler
rNeg    + + +      Spirit   .    u - +10 plate armour {ponderous}
rPois   +          Reflect  .    (helmet restricted)
rElec   .          Rampage  +    x - +1 cloak of Starlight {*Dazzle EV+4 Stlth--}
rCorr   .          NoTele   +    f - +2 pair of gloves
Will    +++..      Rage     20%  a - +1 pair of boots {rampage} Stlth
                                 (no amulet)
HPRegen 1.48/turn                r - ring of protection from cold
MPRegen 0.14/turn                w - +2 ring of slaying

@: mighty, strong-willed, regenerating, glowing, slow
A: horns 2, retaliatory headbutt
a: Renounce Religion, Berserk, Trog's Hand, Brothers in Arms


You were in the Dungeon.
You worshipped Trog.
Trog was exalted by your worship.
You visited 1 branch You collected 1698 gold pieces.
You spent 528 gold pieces at shops.

Inventory:

Hand Weapons
 k - the +2 war axe of Charity (weapon) {flame, *Rage rPois rC- rN+++ Dex+6}
   (Trog gifted it to you in the Dungeon)

   Dex:       It affects your dexterity (+6).
   rC:        It makes you vulnerable to cold.
   rPois:     It protects you from poison.
   rN:        It renders you almost immune to negative energy.
   *Rage:     It berserks you when you make melee attacks (+20% chance).
 m - the +9 broad axe of the Open Hand {flame, rC+}
   (Trog gifted it to you in the Dungeon)

   rC:        It protects you from cold.
 q - a +9 heavy broad axe
Missiles
 d - 2 throwing nets (quivered)
Armour
 a - a +1 pair of boots of rampaging (worn)
 c - a +0 buckler (worn)
 f - a +2 pair of gloves (worn)
 u - a +10 plate armour of ponderousness (worn)
 x - the +1 cloak of Starlight (worn) {*Dazzle EV+4 Stlth--}
   (You found it in the Dungeon)

   *Dazzle:   It may blind those who miss an attack against the wearer in melee
   combat.
   EV:        It affects your evasion (+4).
   Stlth:     It makes you much less stealthy.
Jewellery
 l - a +6 ring of dexterity
 n - a +2 ring of protection
 r - a ring of protection from cold (left hand)
 s - an amulet of regeneration
 t - a +6 ring of dexterity
 w - a +2 ring of slaying (right hand)
Scrolls
 b - a scroll of silence
 g - 3 scrolls of identify
 i - 5 scrolls of fog
 p - 3 scrolls of fear
 y - 3 scrolls of enchant weapon
Potions
 e - 3 potions of curing
 h - 4 potions of magic
 o - a potion of cancellation {unknown}
 v - a potion of resistance


   Skills:
 + Level 26.0 Fighting
 + Level 25.5 Axes
 + Level 25.9 Armour
 - Level 2.5 Dodging
 + Level 25.8 Shields


You had 14 spell levels left.
You didn't know any spells.
Your spell library was empty.

Dungeon Overview and Level Annotations

Branches:
Dungeon (1/1)

Altars:
Cheibriados
Dithmenos
Elyvilon
Fedhas
Gozag
Hepliaklqana
Kikubaaqudgha
Makhleb
Nemelex Xobeh
Okawaru
Qazlal
Ru
Sif Muna
Trog
Uskayaw
Vehumet
Wu Jian
Xom
Yredelemnul
Zin
The Shining One
Jiyva
Lugonu

Shops:
D [:([

Annotations:
D Mennas


Innate Abilities, Weirdness & Mutations

You have a pair of horns on your head.
You reflexively headbutt those who attack you in melee.


Message History

Unknown command.
Mennas blocks your attack.
Your headbutt misses Mennas.
Mennas is heavily wounded.
Mennas blocks your cyclops's attack. Mennas hits you but does no damage. x2
Mennas blocks your attack. x2
Mennas is heavily wounded.
You block Mennas's attack. x2; Mennas blocks your cyclops's attack.
You slash Mennas! You burn Mennas.
Mennas is heavily wounded.
Mennas hits you but does no damage. x2
You completely miss Mennas. Your headbutt misses Mennas.
Mennas is heavily wounded.
Mennas blocks your cyclops's attack.
Mennas hits your cyclops with a +2 trishula of holy wrath!! x2
Mennas blocks your attack.
Mennas is heavily wounded.
Mennas hits you but does no damage. x2; Mennas blocks your cyclops's attack.
You completely miss Mennas. Mennas blocks your attack.
Mennas is heavily wounded.
Mennas hits you but does no damage.
Mennas hits you with a +2 trishula of holy wrath!
* * * LOW HITPOINT WARNING * * *
You feel better. Mennas blocks your cyclops's attack.
Mennas hits your cyclops with a +2 trishula of holy wrath! x2
You feel better.
Mennas becomes audible again.
Mennas hits your cyclops with a +2 trishula of holy wrath!!
Your cyclops dies!
Your cyclops's corpse disappears in a puff of smoke!
Mennas closely misses you. You furiously retaliate!
You headbutt Mennas!! Mennas hits you but does no damage.
Your skin crawls.
You feel strong-willed.
Mennas gestures frantically.
Mennas is healed somewhat.
Your iron troll goes berserk!
You recover from your berserk rage.
Mennas hits you with a +2 trishula of holy wrath!!
* * * LOW HITPOINT WARNING * * *
Mennas hits you with a +2 trishula of holy wrath!
You die...

▓▓▓▓▓▓▓▓▓▓▓▓▓▓▓▓▓▓▓▓
...▓...▓...▓...▓§A.▓
.▓.▓.▓.▓.▓.▓.▓.▓@▓.▓
.▓.▓.▓.▓.▓.▓.▓.▓T▓.▓
.▓.▓.▓.▓.▓.▓.▓.▓.▓.▓
.▓.▓.▓.▓.▓.▓.▓.▓.▓.▓
.▓.▓.▓.▓.▓.▓.▓.▓.▓.♣
.▓.▓.▓.▓[▓.▓.▓.▓.▓.♣
.▓.▓.▓.▓)▓.▓.▓.▓.▓.♣
.▓.▓.▓.▓.▓.▓.▓.▓.▓.♣
'▓.▓'▓.▓.▓.▓'▓.▓.▓


You could see Mennas (ally target) and a friendly iron troll (summoned,
berserk).

Vanquished Creatures
  Saint Roka (D)
  Frederick (D)
  A sphinx (D)
  Agnes (D)
  Donald (D)
  A vault warden (D)
  An ironbound preserver (D)
  A broodmother (D)
  3 very ugly things (D)
  Nessos (D)
  A dire elephant (D)
  2 bunyips (D)
  An ettin (D)
  A merfolk impaler (D)
  A great orb of eyes (D)
  A yaktaur captain (D)
  2 fire dragons (D)
  An ice dragon (D)
  A spriggan air mage (D)
  A rakshasa (D)
  Harold (D)
  A catoblepas (D)
  An ogre mage (D)
  An ironbound frostheart (D)
  2 hydras (D)
  4 boulder beetles (D)
  An alligator (D)
  5 centaur warriors (D)
  3 death yaks (D)
  Urug (D)
  A deep troll earth mage (D)
  A two-headed ogre (D)
  A deep troll shaman (D)
  2 naga sharpshooters (D)
  A vampire mage (D)
  4 orc high priests (D)
  Nergalle (D)
  3 spriggans (D)
  A swamp dragon (D)
  A flayed ghost (D)
  A spriggan druid (D)
  2 sea snakes (D)
  2 harpies (D)
  2 lindwurms (D)
  A naga ritualist (D)
  2 steelbarb worms (D)
  9 orc knights (D)
  3 ironbound convokers (D)
  An orc sorcerer (D)
  An oklob plant (D)
  A cyclops (D)
  An ugly thing (D)
  A merfolk siren (D)
  An elephant (shapeshifter) (D)
  2 demonic crawlers (D)
  3 vault sentinels (D)
  4 black mambas (D)
  2 naga magi (D)
  2 moths of wrath (D)
  A gargoyle (D)
  A water nymph (D)
  A komodo dragon (D)
  2 yaktaurs (D)
  An efreet (D)
  A meliai (D)
  3 wind drakes (D)
  3 hornets (D)
  A slime creature (D)
  A jumping spider (D)
  5 yaks (D)
  Eustachio (D)
  2 basilisks (D)
  A wyvern (D)
  A redback (D)
  A warg (D)
  4 water moccasins (D)
  A black bear (D)
  12 orc warriors (D)
  3 bullfrogs (D)
  2 scorpions (D)
  A killer bee (D)
  An orc priest (D)
  8 orc wizards (D)
  A white imp (D)
  10 orcs (D)
  A goblin (D)
  2 ball pythons (D)
  A bat (D)
  A frilled lizard (D)
175 creatures vanquished.

Vanquished Creatures (collateral kills)
  2 very ugly things (D)
  2 fire dragons (D)
  A hydra (D)
  2 rakshasas (D)
  An ice dragon (D)
  A jorogumo (D)
  A deep troll earth mage (D)
  2 spriggan berserkers (D)
  A glowing orange brain (D)
  An ugly thing (D)
  A black mamba (D)
  A cane toad (D)
  2 komodo dragons (D)
  A basilisk (D)
19 creatures vanquished.

Vanquished Creatures (others)
  A cyclops (D)
  A manticore (D)
  A kobold demonologist (D)
  A bloated husk (D)
4 creatures vanquished.

Grand Total: 198 creatures vanquished

Notes
Turn   | Place    | Note
-------+----------+-------------------------------------------
     0 | D        | retardedninja the Minotaur Fighter began the quest for the
                  | Orb.
     0 | D        | Reached XP level 1. HP: 19/19 MP: 0/0
    10 | D        | Reached skill level 4 in Fighting
    20 | D        | Noticed a scorpion
    20 | D        | Noticed a black bear
    20 | D        | Noticed a scorpion
    23 | D        | Killed a scorpion
    24 | D        | Reached skill level 6 in Fighting
    24 | D        | Reached skill level 5 in Armour
    24 | D        | Reached skill level 5 in Shields
    24 | D        | Reached XP level 2. HP: 31/31 MP: 1/1
    24 | D        | Reached XP level 3. HP: 38/38 MP: 2/2
    34 | D        | Killed a black bear
    35 | D        | Reached skill level 7 in Fighting
    35 | D        | Reached skill level 5 in Axes
    35 | D        | Reached skill level 1 in Dodging
    35 | D        | Reached XP level 4. HP: 41/48 MP: 3/3
    35 | D        | Reached XP level 5. HP: 46/53 MP: 4/4
    37 | D        | Reached skill level 8 in Fighting
   173 | D        | Found a snail-covered altar of Cheibriados.
   173 | D        | Found a shadowy altar of Dithmenos.
   173 | D        | Found a white marble altar of Elyvilon.
   173 | D        | Found a blossoming altar of Fedhas.
   173 | D        | Found an opulent altar of Gozag.
   174 | D        | Found a hazy altar of Hepliaklqana.
   175 | D        | Found a viscous altar of Jiyva.
   176 | D        | Found an ancient bone altar of Kikubaaqudgha.
   177 | D        | Found a corrupted altar of Lugonu.
   178 | D        | Found a burning altar of Makhleb.
   179 | D        | Found a sparkling altar of Nemelex Xobeh.
   180 | D        | Found an iron altar of Okawaru.
   181 | D        | Found a stormy altar of Qazlal.
   182 | D        | Found a sacrificial altar of Ru.
   183 | D        | Found a shimmering blue altar of Sif Muna.
   184 | D        | Found a bloodstained altar of Trog.
   185 | D        | Found a hide-covered altar of Uskayaw.
   186 | D        | Found a radiant altar of Vehumet.
   187 | D        | Found an ornate altar of the Wu Jian Council.
   188 | D        | Found a shimmering altar of Xom.
   189 | D        | Found a basalt altar of Yredelemnul.
   190 | D        | Found a glowing silver altar of Zin.
   191 | D        | Found a glowing golden altar of the Shining One.
   192 | D        | Became a worshipper of Trog the Wrathful
   245 | D        | Noticed a yak
   245 | D        | Noticed a gargoyle
   245 | D        | Noticed a kobold demonologist
   245 | D        | Noticed a two-headed ogre
   254 | D        | Killed a two-headed ogre
   255 | D        | Reached skill level 11 in Fighting
   255 | D        | Reached skill level 10 in Armour
   255 | D        | Reached skill level 10 in Shields
   255 | D        | Reached XP level 6. HP: 44/68 MP: 5/5
   255 | D        | Reached XP level 7. HP: 47/74 MP: 6/6
   258 | D        | Reached * piety under Trog
   259 | D        | Killed a kobold demonologist
   260 | D        | Reached skill level 10 in Axes
   261 | D        | Killed a gargoyle
   262 | D        | Reached XP level 8. HP: 29/83 MP: 7/7
   264 | D        | Reached ** piety under Trog
   265 | D        | Reached skill level 12 in Fighting
   440 | D        | Noticed a slime creature
   440 | D        | Noticed a boulder beetle
   440 | D        | Noticed a centaur warrior
   440 | D        | Noticed a cyclops
   440 | D        | Noticed a manticore
   440 | D        | Noticed an efreet
   442 | D        | Killed a cyclops
   444 | D        | Killed an efreet
   444 | D        | Killed a manticore
   445 | D        | Reached skill level 13 in Fighting
   445 | D        | Reached XP level 9. HP: 67/93 MP: 8/8
   446 | D        | Killed a centaur warrior
   450 | D        | Killed a boulder beetle
   451 | D        | Reached skill level 14 in Fighting
   451 | D        | Reached *** piety under Trog
   827 | D        | Noticed a komodo dragon
   843 | D        | Killed a komodo dragon
   855 | D        | Reached **** piety under Trog
   856 | D        | Reached XP level 10. HP: 33/104 MP: 9/9
   886 | D        | Reached ***** piety under Trog
   895 | D        | Reached skill level 15 in Fighting
  1300 | D        | Noticed a seven-headed hydra
  1302 | D        | Noticed a black mamba
  1307 | D        | Reached skill level 15 in Armour
  1308 | D        | Killed a seven-headed hydra
  1309 | D        | Reached skill level 15 in Shields
  1316 | D        | Killed a black mamba
  1316 | D        | Received a gift from Trog
  1317 | D        | Reached skill level 15 in Axes
  1319 | D        | Noticed a cane toad
  1320 | D        | Killed a cane toad
  1321 | D        | Reached skill level 16 in Fighting
  1496 | D        | Noticed an oklob plant
  1499 | D        | Killed an oklob plant
  1501 | D        | Noticed a death yak
  1501 | D        | Noticed a death yak
  1501 | D        | Noticed a death yak
  1502 | D        | Noticed a catoblepas
  1507 | D        | Killed a death yak
  1513 | D        | Killed a death yak
  1514 | D        | Reached XP level 11. HP: 116/116 MP: 10/10
  1521 | D        | Killed a death yak
  1524 | D        | Killed a catoblepas
  1525 | D        | Reached skill level 17 in Fighting
  1610 | D        | Noticed Eustachio
  1625 | D        | Killed Eustachio
  1625 | D        | Reached ****** piety under Trog
  1628 | D        | Noticed Urug
  1637 | D        | Killed Urug
  1838 | D        | Received a gift from Trog
  1855 | D        | Received a gift from Trog
  2026 | D        | Noticed an orc sorcerer
  2037 | D        | Killed an orc sorcerer
  2037 | D        | Identified the +2 war axe of Charity {flame, *Rage rPois
                  | rC- rN+++ Dex+6} (Trog gifted it to you in the Dungeon)
  2037 | D        | Received a gift from Trog
  2107 | D        | Found Ariusib's Armour Boutique.
  2107 | D        | Noticed an orc knight
  2107 | D        | Noticed an orc knight
  2107 | D        | Noticed an orc high priest
  2107 | D        | Noticed an orc knight
  2107 | D        | Noticed an orc knight
  2109 | D        | Noticed an orc knight
  2113 | D        | Noticed an orc knight
  2114 | D        | Killed an orc knight
  2115 | D        | Reached skill level 18 in Fighting
  2119 | D        | Noticed an orc high priest
  2121 | D        | Killed an orc knight
  2121 | D        | Received a gift from Trog
  2125 | D        | Killed an orc high priest
  2126 | D        | Found Vicruiwu's Weapon Shop.
  2130 | D        | Killed an orc knight
  2134 | D        | Killed an orc knight
  2135 | D        | Found Opletaesma's Book Boutique.
  2138 | D        | Killed an orc knight
  2143 | D        | Noticed an orc knight
  2145 | D        | Killed an orc knight
  2146 | D        | Found Toissoc's Armour Shop.
  2153 | D        | Killed an orc high priest
  2154 | D        | Reached XP level 12. HP: 44/129 MP: 11/11
  2155 | D        | Noticed an orc high priest
  2156 | D        | Noticed an orc high priest
  2166 | D        | Killed an orc high priest
  2166 | D        | Received a gift from Trog
  2167 | D        | Reached skill level 19 in Fighting
  2177 | D        | Killed an orc high priest
  2684 | D        | Bought a +2 pair of gloves for 165 gold pieces
  2684 | D        | Bought a +2 cloak for 165 gold pieces
  2706 | D        | Bought a +1 pair of boots of rampaging for 198 gold pieces
  2768 | D        | Noticed Harold
  2778 | D        | Killed Harold
  2919 | D        | Noticed a boulder beetle
  2919 | D        | Noticed a centaur warrior
  2919 | D        | Noticed a centaur warrior
  2919 | D        | Noticed an ogre mage
  2926 | D        | Killed an ogre mage
  2926 | D        | Received a gift from Trog
  2929 | D        | Noticed a green very ugly thing
  2931 | D        | Killed a centaur warrior
  2932 | D        | Noticed a spriggan air mage
  2936 | D        | Killed a centaur warrior
  2942 | D        | Noticed a rakshasa
  2946 | D        | Killed a boulder beetle
  2946 | D        | Received a gift from Trog
  2947 | D        | Reached skill level 20 in Fighting
  2948 | D        | Noticed a purple very ugly thing
  2949 | D        | Noticed a deep troll earth mage
  2964 | D        | Killed a cyan very ugly thing
  2975 | D        | Killed a spriggan air mage
  2990 | D        | Killed a purple very ugly thing
  2996 | D        | Killed a deep troll earth mage
  2996 | D        | Received a gift from Trog
  2998 | D        | Killed a rakshasa
  3003 | D        | Reached XP level 13. HP: 45/141 MP: 12/12
  3188 | D        | Noticed Donald
  3194 | D        | Killed Donald
  3195 | D        | Reached skill level 21 in Fighting
  3201 | D        | Noticed Saint Roka
  3208 | D        | Received a gift from Trog
  3227 | D        | Killed Saint Roka
  3471 | D        | Noticed a merfolk impaler
  3472 | D        | Received a gift from Trog
  3485 | D        | Killed a merfolk impaler
  3501 | D        | Identified the +9 broad axe of the Open Hand {flame, rC+}
                  | (Trog gifted it to you in the Dungeon)
  3501 | D        | Received a gift from Trog
  3536 | D        | Reached skill level 22 in Fighting
  3550 | D        | Received a gift from Trog
  3578 | D        | Noticed a broodmother
  3581 | D        | Received a gift from Trog
  3624 | D        | Killed a broodmother
  3624 | D        | Received a gift from Trog
  4139 | D        | Noticed a bunyip
  4141 | D        | Received a gift from Trog
  4144 | D        | Noticed a bunyip
  4147 | D        | Killed a bunyip
  4152 | D        | Reached skill level 23 in Fighting
  4158 | D        | Received a gift from Trog
  4163 | D        | Killed a bunyip
  4341 | D        | Reached XP level 14. HP: 157/157 MP: 13/13
  4402 | D        | Noticed Agnes
  4410 | D        | Killed Agnes
  4422 | D        | Noticed Nessos
  4431 | D        | Killed Nessos
  4645 | D        | Noticed Nergalle
  4653 | D        | Killed Nergalle
  4653 | D        | Received a gift from Trog
  4717 | D        | Noticed a cyan very ugly thing
  4718 | D        | Noticed a white very ugly thing
  4726 | D        | Killed a cyan very ugly thing
  4732 | D        | Noticed a sphinx
  4737 | D        | Noticed a white very ugly thing
  4745 | D        | Killed a white very ugly thing
  4745 | D        | Received a gift from Trog
  4748 | D        | Reached skill level 24 in Fighting
  4757 | D        | Killed a sphinx
  4764 | D        | Killed a white very ugly thing
  4764 | D        | Received a gift from Trog
  4876 | D        | Received a gift from Trog
  5207 | D        | Noticed an ironbound preserver
  5213 | D        | Received a gift from Trog
  5236 | D        | Reached skill level 25 in Fighting
  5236 | D        | Killed an ironbound preserver
  5237 | D        | Noticed a vault warden
  5239 | D        | Received a gift from Trog
  5250 | D        | Received a gift from Trog
  5257 | D        | Killed a vault warden
  5268 | D        | Received a gift from Trog
  5885 | D        | Noticed Frederick
  5893 | D        | Killed Frederick
  5993 | D        | Found the +1 cloak of Starlight {*Dazzle EV+4 Stlth--}
  5999 | D        | Reached XP level 15. HP: 171/171 MP: 14/14
  6234 | D        | Reached skill level 26 in Fighting
  6262 | D        | Noticed Mennas
  6324 | D        | HP: 7/171 [Mennas/+2 trishula of holy wrath (5)]
  6336 | D        | HP: 6/171 [Mennas/+2 trishula of holy wrath (10)]
  6340 | D        | Mangled by Mennas

Illustrated notes

Levels and vault maps discovered:
D:        linesprint [early_d, line_temple, items_1, d_10, items_2, lair_1,
          lair_end, items_3, orc_1, orc_end, items_4, d_15, swamp_1, shoals_1,
          snake_1, spider_1, d_20, vaults_1, items_5, swamp_end, shoals_end,
          snake_end, spider_end, vaults_end, d_27, items_6, zot_1, zot_end,
          crypt_end, forest_end, elf_end, slime_end, tomb_end, abyss_end,
          pan_hell_end]

Skill      XL: |  1  2  3  4  5  6  7  8  9 10 11 12 13 14 15 |
---------------+----------------------------------------------+-----
Fighting       | 6 7 11 13 14 16 18 20 23 25 26 | 26.0
Shields        | 5 7 10 11 12 14 16 18 20 23 25 | 25.8
Armour         | 5 7 10 11 12 14 16 18 20 23 25 | 25.9
Axes           | 3 5 9 10 11 13 15 18 20 22 25 | 25.5
Dodging        | 1 2 |  2.5

Action                     |  1- 3 |  4- 6 |  7- 9 | 10-12 | 13-15 || total
---------------------------+-------+-------+-------+-------+-------++-------
  Melee: War axe           |    22 |     8 |    30 |   244 |   367 ||   671
         Headbutt          |     2 |     1 |     4 |    54 |   105 ||   166
         Broad axe         |       |       |       |       |    27 ||    27
 Invoke: Berserk           |       |       |       |     2 |     2 ||     4
         Brothers in Arms  |       |       |       |     3 |     6 ||     9
         Trog's Hand       |       |       |       |     3 |     5 ||     8
  Evoke: Wand              |       |       |     7 |     3 |       ||    10
    Use: Potion            |     1 |     5 |     2 |     6 |     8 ||    22
         Scroll            |       |       |       |     6 |     2 ||     8
   Stab: Invisible         |       |       |     1 |       |       ||     1
 Armour: Scale mail        |    18 |     1 |       |       |       ||    19
         Ring mail         |       |       |    11 |    47 |       ||    58
         Plate armour      |       |       |       |    59 |   196 ||   255
  Dodge: Dodged            |    18 |    10 |     8 |    54 |    90 ||   180
  Block: Buckler           |    10 |     2 |     9 |    41 |   122 ||   184

Table legend: (Time is in decaauts)
 A = Elapsed time spent in this place.
 B = Non-inter-level travel time spent in this place.
 C = Inter-level travel time spent in this place.
 D = Time resting spent in this place.
 E = Time spent auto-exploring this place.
 F = Levels seen in this place.
 G = Mean time per level.
                   A        B        C        D        E       F      G
               +--------+--------+--------+--------+--------+-----+--------+
         Total |   6471 |   6081 |    390 |   3576 |     41 |   1 | 6471.0 |
       Dungeon |   6471 |   6081 |    390 |   3576 |     41 |   1 | 6471.0 |
               +--------+--------+--------+--------+--------+-----+--------+

Top non-repeatable levels by time:
       D: 6471 daAuts
